 Dungeon Crawl Stone Soup version 0.31-a0-940-gdaa99269f9 (webtiles) character file.

Game seed: 647494458531802185

7093 Error4North the Nimble (level 10, -3/130 (132) HPs)
             Began as a Green Draconian Shapeshifter on Oct 20, 2023.
             Was an Elder of Wu Jian.
             Slain by Psyche
             ... wielding a +3 dagger of chaos
              (5 damage)
             ... on level 9 of the Dungeon on Oct 21, 2023.
             The game lasted 00:50:45 (10509 turns).

Error4North the Nimble (DrSh)                      Turns: 10509, Time: 00:50:46

HP:   -3/130 (132)  AC:  7    Str: 21    XL:     10   Next: 84%
MP:   0/10          EV: 15    Int: 10    God:    Wu Jian [****..]
Gold: 381           SH:  0    Dex: 11    Spells: 9/9 levels left

rFire   . .          .
                       - Unarmed
rCold   . . .        (no shield)
rNeg    + . .        (body armour unavailable)
rPois   +            (helmet currently unavailable)
rElec   .            (cloak currently unavailable)
rCorr   .            (gloves currently unavailable)
SInv    .            (boots currently unavailable)
Will    ++...        g - amulet of guardian spirit Stlth
                     k - ring of willpower
HPRegen 0.41/turn    r - ring of positive energy
MPRegen 0.12/turn

%: guardian spirit
@: brilliant, berserking, beast-form, enlightened, flying, hasted, lightly
drained, very quick
A: beast (slay +4), breathe noxious fumes, AC +7, unfitting armour, poison
resistance, cold-blooded
a: Breathe Noxious Fumes, Begin Untransformation, Renounce Religion, Wall Jump,
Serpent's Lash


You were on level 9 of the Dungeon.
You worshipped Wu Jian.
Wu Jian was greatly pleased with you.
You were a hulking beast.
You visited 1 branch of the dungeon, and saw 9 of its levels.
You also visited: Ossuary.

You collected 381 gold pieces.

Inventory:

Missiles
 v - 2 curare-tipped darts
 x - 18 poisoned darts (quivered)
 J - 2 darts of dispersal
Jewellery
 g - an amulet of guardian spirit (around neck)
 j - a ring of flight
 k - a ring of willpower (left hand)
 r - a ring of positive energy (right hand)
 t - a ring of resist corrosion
Talismans
 b - a beast talisman (active)
 c - a flux talisman
 M - a serpent talisman
Wands
 e - a wand of flame (14)
 n - a wand of acid (2)
 u - a wand of iceblast (10)
 G - a wand of charming (15)
 L - a wand of polymorph (9)
Scrolls
 d - 2 scrolls of brand weapon {unknown}
 f - 10 scrolls of identify {unknown}
 h - a scroll of poison {unknown}
 l - a scroll of amnesia {unknown}
 m - 2 scrolls of fog {unknown}
 o - a scroll of blinking {unknown}
 p - 7 scrolls of teleportation {unknown}
 s - a scroll of immolation {unknown}
 y - 3 scrolls of fear {unknown}
 C - a scroll of enchant weapon {unknown}
 F - a scroll of vulnerability {unknown}
 H - a scroll of butterflies {unknown}
 I - a scroll of noise {unknown}
Potions
 a - 2 potions of lignification
 q - a potion of curing
 z - 3 potions of attraction
 E - a potion of brilliance


   Skills:
 * Level 8.0 Fighting
 + Level 0.3 Throwing
 + Level 9.0 Dodging
 + Level 5.0 Stealth
 + Level 5.5 Unarmed Combat
 + Level 2.1 Evocations
 * Level 8.8 Shapeshifting


You had 9 spell levels left.
You didn't know any spells.
Your spell library contained the following spells:

 Spells                   Type           Power      Damage    Failure   Level
 Apportation              Tloc           0%         N/A       36%         1
 Jinxbite                 Hex            0%         N/A       50%         2
 Manifold Assault         Tloc           0%         N/A       98%         4
 Alistair's Intoxication  Tmut/Pois      0%         N/A       100%        5
 Dispersal                Tloc           0%         N/A       100%        6
 Disjunction              Tloc           0%         N/A       100%        8


Dungeon Overview and Level Annotations

Branches:
Dungeon (9/15)             Temple (0/1) D:4            Lair (0/5) D:8
Ossuary (visited)
    Orc: D:9-12

Altars:
Ashenzari
Fedhas
Gozag
Hepliaklqana
Kikubaaqudgha
Nemelex Xobeh
Okawaru
Trog
Uskayaw
Vehumet
Wu Jian
Yredelemnul
Zin
The Shining One

Shops:
D:3 [   D:8 (

Annotations:
D:9 Psyche


Innate Abilities, Weirdness & Mutations

You are a hulking beast.
Your limbs bulge with bestial killing power. (Slay +4)
You can breathe blasts of noxious fumes.
Your lurid green scales are hard. (AC +7)
You cannot fit into any form of body armour.
Your system is resistant to poisons. (rPois)
You are cold-blooded and may be slowed by cold attacks.


Message History

* * * LOW HITPOINT WARNING * * *
Aiming: Wall Jump
Press: ? - help, Dir - move target You hear some strange, mumbled words.
A swirling arc of seething chaos appears!
An arc of chaos appears from out of thin air!
The arc of chaos hits you but does no damage.
You hear some strange, mumbled words.
Something tries to affect you, but you resist.
You see here a +0 dagger.
Something hits you.
* * * LOW HITPOINT WARNING * * *
You feel yourself speed up. Something hits you!
* * * LOW HITPOINT WARNING * * *
It was a potion of enlightenment.
You feel very buoyant.
You fly up into the air.
You miss something. Something barely misses you.
It was a potion of brilliance.
You feel clever all of a sudden. Something closely misses you.
You hear some strange, mumbled words.
It was a potion of berserk rage.
A red film seems to cover your vision as you go berserk!
You feel yourself moving faster!
You feel mighty!
You hear some strange, mumbled words.
Something tries to affect you, but you resist.
You miss something. Your punch misses something. Something hits you.
* * * LOW HITPOINT WARNING * * *
Something burns you.
* * * LOW HITPOINT WARNING * * *
Things that are here:
a +0 dagger; 2 poisoned darts You closely miss something.
Something hits you.
* * * LOW HITPOINT WARNING * * *
Something burns you.
* * * LOW HITPOINT WARNING * * *
Something hits you.
You die...

...#.##.......
..#..........
#...........
#....#.... ..
#......# #
#..##...)..## .##
##.....(((..# ...#
#........h..#####....
.........{)...#.....
..#..............#
##...........###
...............<#
.####.......รท..)# .
#...........## ..
##............# ...
#.............#


There were no monsters in sight!

Vanquished Creatures
  Pikel (D:8)
  Jeremiah (D:7)
  A komodo dragon (D:7)
  2 trolls (D:8)
  Grinder (D:3)
  Sigmund (D:2)
  A shadow (D:9)
  2 wyverns (D:8)
  2 basilisks
  A steam dragon (D:8)
  Edmund (D:5)
  3 water moccasins
  Duvessa (D:5)
  An ice beast (D:8)
  2 orc warriors
  3 black bears
  A centaur (D:9)
  3 lemures (D:8)
  5 kobold brigands
  Blork the orc (D:5)
  A gnoll sergeant (D:9)
  12 scorpions
  2 bullfrogs
  5 necrophages (D:4)
  Dowan (D:5)
  5 wights (D:7)
  3 killer bees (D:8)
  A howler monkey (D:6)
  A bullfrog zombie (D:4)
  3 orc priests
  3 human zombies (Ossuary)
  Crazy Yiuf (D:6)
  5 hounds
  A jelly (D:6)
  2 sleepcaps
  Jessica (D:2)
  3 iguanas
  7 scorpion zombies
  Ijyb (D:4)
  Natasha (thrice) (D:4)
  3 orc wizards
  3 mummies (Ossuary)
  Robin (D:4)
  7 gnolls
  4 adders
  2 white imps
  2 ufetubi (D:5)
  A worm zombie (D:7)
  A worm (D:3)
  2 dart slugs
  19 orcs
  3 ball pythons (D:1)
  3 endoplasms (D:1)
  A giant cockroach (D:4)
  2 gnoll zombies (Ossuary)
  13 goblins
  9 hobgoblins
  33 kobolds
  2 quokkas
  5 bats
  A frilled lizard (D:1)
  4 goblin zombies (Ossuary)
  2 hobgoblin zombies (Ossuary)
  A kobold zombie (Ossuary)
  A rat (D:1)
220 creatures vanquished.

Notes
Turn   | Place    | Note
-------+----------+-------------------------------------------
     0 | D:1      | Error4North the Draconian Shapeshifter began the quest for
                  | the Orb.
     0 | D:1      | Reached XP level 1. HP: 16/16 MP: 1/1
   132 | D:1      | Reached XP level 2. HP: 22/23 MP: 2/2
   421 | D:1      | Reached skill level 2 in Dodging
   614 | D:1      | Reached XP level 3. HP: 28/28 MP: 3/3
  1019 | D:2      | Found a glowing silver altar of Zin.
  1052 | D:2      | Noticed Sigmund
  1064 | D:2      | Killed Sigmund
  1065 | D:2      | Reached XP level 4. HP: 36/36 MP: 4/4
  1065 | D:2      | Reached XP level 5. HP: 41/41 MP: 5/5
  1119 | D:2      | Noticed Jessica
  1126 | D:2      | Killed Jessica
  1739 | D:3      | Found a radiant altar of Vehumet.
  1847 | D:3      | Found an ancient bone altar of Kikubaaqudgha.
  1847 | D:3      | Found a glowing golden altar of the Shining One.
  1869 | D:3      | Reached XP level 6. HP: 41/48 MP: 6/6
  2073 | D:3      | Found Binowk's Armour Emporium.
  2086 | D:3      | Found an ornate altar of the Wu Jian Council.
  2094 | D:3      | Became a worshipper of the Wu Jian Council
  2103 | D:3      | Noticed Grinder
  2117 | D:3      | Killed Grinder
  2118 | D:3      | Reached skill level 3 in Dodging
  2118 | D:3      | Reached skill level 5 in Unarmed Combat
  2297 | D:3      | Reached skill level 5 in Shapeshifting
  2466 | D:3      | Your scales start taking on a lurid green colour.
  2466 | D:3      | Reached XP level 7. HP: 56/56 MP: 7/7
  2466 | D:3      | Gained mutation: Your system is resistant to poisons.
                  | (rPois) [Green Draconian growth]
  2681 | D:4      | Noticed Natasha
  2687 | D:4      | Killed Natasha
  2687 | D:4      | Reached * piety under Wu Jian
  2735 | D:4      | Noticed Natasha
  2747 | D:4      | Killed Natasha
  2753 | D:4      | Noticed Robin
  2753 | D:4      | Noticed Ijyb
  2758 | D:4      | Killed Robin
  2784 | D:4      | Killed Ijyb
  3048 | D:4      | Found a blossoming altar of Fedhas.
  3084 | D:4      | Reached skill level 1 in Stealth
  3154 | D:4      | Found a staircase to the Ecumenical Temple.
  3253 | D:4      | Found an iron altar of Okawaru.
  3410 | D:4      | Noticed Natasha
  3417 | D:4      | Killed Natasha
  3710 | D:4      | Found a bloodstained altar of Trog.
  3723 | D:4      | Reached skill level 4 in Dodging
  3905 | D:4      | Reached XP level 8. HP: 51/66 MP: 8/8
  3921 | D:4      | Reached skill level 5 in Dodging
  4074 | D:5      | Entered Level 5 of the Dungeon
  4119 | D:5      | Noticed Edmund
  4143 | D:5      | Killed Edmund
  4460 | D:5      | Noticed Blork the orc
  4529 | D:5      | Noticed Duvessa
  4533 | D:5      | Noticed Dowan
  4591 | D:5      | Killed Dowan
  4592 | D:5      | Reached skill level 6 in Dodging
  4675 | D:5      | Upgraded the game from 0.31-a0-931-g7b59d4eb97 to
                  | 0.31-a0-940-gdaa99269f9
  4731 | D:5      | Killed Duvessa
  4731 | D:5      | Reached ** piety under Wu Jian
  4960 | D:5      | Killed Blork the orc
  5433 | D:6      | Reached skill level 5 in Fighting
  5480 | D:6      | Reached XP level 9. HP: 72/74 MP: 9/9
  5538 | D:6      | Found an opulent altar of Gozag.
  5680 | D:6      | Found a hazy altar of Hepliaklqana.
  5932 | D:6      | Found a runed translucent door.
  5933 | D:6      | Noticed Crazy Yiuf
  5941 | D:6      | Killed Crazy Yiuf
  6342 | D:7      | Found a broken altar of Ashenzari.
  6366 | D:7      | Reached skill level 1 in Evocations
  6463 | D:7      | Reached skill level 7 in Dodging
  6558 | D:7      | Found a sand-covered staircase.
  6586 | Ossuary  | Entered an ossuary
  6823 | Ossuary  | Reached *** piety under Wu Jian
  7275 | D:7      | Identified the +2 ring mail "Unyil" {Slay+2}
  7644 | D:7      | Noticed Jeremiah
  7728 | D:7      | Killed Jeremiah
  7729 | D:7      | Reached XP level 10. HP: 45/84 MP: 6/10
  7991 | D:7      | Found a basalt altar of Yredelemnul.
  8122 | D:8      | Reached skill level 8 in Dodging
  8189 | D:8      | Found a sparkling altar of Nemelex Xobeh.
  8673 | D:8      | Found a staircase to the Lair.
  8940 | D:8      | Found Xaequl's Weapon Shop.
  8958 | D:8      | Found a hide-covered altar of Uskayaw.
  9259 | D:8      | Reached **** piety under Wu Jian
  9400 | D:8      | Noticed Pikel
  9415 | D:8      | Killed Pikel
 10259 | D:8      | Reached skill level 5 in Stealth
 10476 | D:9      | Noticed Psyche
 10481 | D:9      | Reached skill level 9 in Dodging
 10500 | D:9      | HP: 3/87 [something (5)]
 10507 | D:9      | HP: 6/130 [something (1)]
 10508 | D:9      | HP: 2/130 [something (1)]
 10509 | D:9      | Slain by Psyche

Illustrated notes

Levels and vault maps discovered:
D:1:      tarquinn_simple_flora_water_f, layout_loops_corners, solitary_fountain
D:2:      layout_basic, basic_altar, uniq_jessica, uniq_sigmund
D:3:      corexii_shack_village, layout_basic, nzn_wu_jian_contemplation,
          vehumet_crystals, grunt_temple_overflow_open, serial_shops, shop,
          nicolae_elevator_lobby_asterisk, uniq_grinder
D:4:      layout_loops_corners, fedhas_altar_decomposition,
          trog_ov_bears_minmay, mainiacjoe_overflow_alcove_2,
          minmay_temple_entry_glassed_door, nicolae_goblin_pals, uniq_natasha
D:5:      layout_basic, minmay_misc_feat_ornament, uniq_edmund,
          uniq_blork_the_orc, uniq_duvessa
D:6:      layout_cave_pools, lemuel_tele_altar,
          worldfamousw_hep_ancestral_shrine, uniq_crazy_yiuf_cottage
D:7:      layout_cave_pods, mainiacjoe_overflow_big_doors, enter_bailey_7,
          enter_ossuary_3, uniq_jeremiah
D:8:      layout_loops_ring, general_overflow_altar, kennysheep_little_box,
          david_lair_shrubbed, serial_shops, shop, nicolae_tricolors, uniq_pikel
D:9:      layout_cave_pools, kb_rosetta, uniq_psyche

Skill      XL: |  1  2  3  4  5  6  7  8  9 10 |
---------------+-------------------------------+-----
Dodging        | 2 3 4 6 7 9 |  9.0
Fighting       | 2 4 5 6 8 |  8.0
Shapeshifting  | 4 5 6 7 8 |  8.8
Unarmed Combat | 4 5 |  5.5
Stealth        | 1 2 4 5 |  5.0
Evocations     | 1 2 |  2.1
Throwing       | |  0.3

Action                     |  1- 3 |  4- 6 |  7- 9 | 10-12 || total
---------------------------+-------+-------+-------+-------++-------
  Melee: Unarmed           |    53 |    82 |   568 |   199 ||   902
         Tailslap          |     7 |    11 |    93 |    33 ||   144
         Punch             |     2 |     4 |    15 |    10 ||    31
  Throw: Javelin           |       |       |       |     7 ||     7
         Dart              |       |       |       |     3 ||     3
 Invoke: Serpent's Lash    |       |       |     1 |     1 ||     2
Ability: Lunge             |       |     1 |    23 |    22 ||    46
         Whirlwind         |       |       |   160 |    66 ||   226
         Breathe Noxious F |       |       |     5 |     9 ||    14
         Wall Jump         |       |       |       |    12 ||    12
  Evoke: Wand              |       |       |    11 |     7 ||    18
    Use: Potion            |       |       |     6 |     9 ||    15
   Stab: Sleeping          |       |       |     3 |     4 ||     7
         Confused          |       |       |     5 |     4 ||     9
         Distracted        |       |       |       |     1 ||     1
 Armour: Skin              |    16 |    44 |   263 |   159 ||   482
  Dodge: Dodged            |    27 |    28 |   286 |   123 ||   464
   Form: Beast             |       |     1 |     1 |       ||     2
         Flux              |       |     1 |       |       ||     1
                           |       |       |     1 |       ||     1

Table legend: (Time is in decaauts)
 A = Elapsed time spent in this place.
 B = Non-inter-level travel time spent in this place.
 C = Inter-level travel time spent in this place.
 D = Time resting spent in this place.
 E = Time spent auto-exploring this place.
 F = Levels seen in this place.
 G = Mean time per level.
                   A        B        C        D        E       F      G
               +--------+--------+--------+--------+--------+-----+--------+
         Total |  10430 |  10002 |    428 |   1752 |   5733 |  10 | 1043.0 |
       Dungeon |   9782 |   9354 |    428 |   1457 |   5707 |   9 | 1086.9 |
       Ossuary |    648 |    648 |      0 |    295 |     26 |   1 |  648.0 |
               +--------+--------+--------+--------+--------+-----+--------+

Top non-repeatable levels by time:
     D:8: 1854 daAuts
     D:7: 1599 daAuts
     D:4: 1407 daAuts
     D:5: 1300 daAuts
     D:3: 1082 daAuts
     D:1: 939 daAuts
     D:2: 650 daAuts
 Ossuary: 648 daAuts
     D:6: 624 daAuts
     D:9: 324 daAuts
